 Dungeon Crawl Stone Soup version 0.21-a0-331-gfb491b4 (webtiles) character file.

2355 4thArraOfDagon the Skirmisher (level 9, -5/74 HPs)
             Began as a Gnoll Wanderer on Oct 2, 2017.
             Was a Believer of Cheibriados.
             Slain by a two-headed ogre
             ... wielding a +0 giant club
              (15 damage)
             ... on level 8 of the Dungeon.
             The game lasted 00:11:50 (3509 turns).

4thArraOfDagon the Skirmisher (Gnoll Wanderer)      Turns: 3509, Time: 00:11:51

Health: -5/74      AC:  7    Str: 24    XL:     9   Next: 44%
Magic:  13/15      EV: 14    Int: 21    God:    Cheibriados [**....]
Gold:   269        SH:  0    Dex: 20    Spells: 16/16 levels left

rFire    . . .     SeeInvis .   l - +2 war axe (freeze)
rCold    . . .     Gourm    .   (no shield)
rNeg     . . .     Faith    .   c - +1 ring mail
rPois    .         Spirit   .   (no helmet)
rElec    +         Reflect  .   (no cloak)
rCorr    .         Harm     .   (no gloves)
MR       .....                  (no boots)
Stlth    +++.......             b - amulet of regeneration
HPRegen  0.62/turn              (no ring)
MPRegen  0.14/turn              (no ring)

@: hasted, drained, quick
A: distributed training, fangs 1, blurry vision 1, electricity resistance,
strong nose
a: Bend Time, Renounce Religion


You were on level 8 of the Dungeon.
You worshipped Cheibriados.
Cheibriados was pleased with you.
You were not hungry.

You visited 2 branches of the dungeon, and saw 9 of its levels.

You collected 269 gold pieces.

Inventory:

Hand Weapons
 a - a +2 dagger of piercing
 e - a +0 dagger of venom
 k - a +4 scimitar of freezing
 l - a +2 war axe of freezing (weapon)
 q - a +0 war axe
Armour
 c - a +1 ring mail (worn)
Magical Staves
 m - an uncursed staff of conjuration {!a}
Jewellery
 b - an amulet of regeneration (around neck)
Wands
 g - a wand of polymorph (12/24)
 i - a wand of iceblast (8/15)
 s - a wand of flame (23/48)
 v - a wand of lightning (0/15)
Scrolls
 h - a scroll of recharging
 j - 2 scrolls of remove curse
 o - a scroll of magic mapping {unknown}
 p - a scroll of immolation {unknown}
 t - a scroll of fear {unknown}
 u - a scroll of random uselessness {unknown}
 x - a scroll of enchant armour
 y - 2 scrolls of identify
 A - a scroll of teleportation
Potions
 d - 5 potions of curing
 n - a potion of resistance
 z - a potion of might {unknown}
Comestibles
 f - 5 bread rations
 w - a meat ration


   Skills:
 + Level 7.8(7.6) Fighting
 + Level 4.1(3.9) Short Blades
 + Level 4.1(3.9) Long Blades
 + Level 4.1(3.9) Axes
 + Level 4.1(3.9) Maces & Flails
 + Level 5.0(4.8) Polearms
 + Level 4.1(3.9) Staves
 + Level 4.1(3.9) Slings
 + Level 5.0(4.8) Bows
 + Level 4.1(3.9) Crossbows
 + Level 4.1(3.9) Throwing
 + Level 6.2(6.0) Armour
 + Level 4.1(3.9) Dodging
 + Level 6.0(5.8) Stealth
   Level 0.0 Stabbing
 + Level 5.0(4.8) Shields
   Level 0.0 Traps
 + Level 4.1(3.9) Unarmed Combat
 + Level 4.1(3.9) Spellcasting
 + Level 4.1(3.9) Conjurations
 + Level 4.1(3.9) Hexes
 + Level 4.1(3.9) Charms
 + Level 4.1(3.9) Summonings
 + Level 4.1(3.9) Necromancy
 + Level 4.1(3.9) Translocations
 + Level 4.1(3.9) Transmutations
 + Level 4.1(3.9) Fire Magic
 + Level 4.1(3.9) Ice Magic
 + Level 4.1(3.9) Air Magic
 + Level 4.1(3.9) Earth Magic
 + Level 4.1(3.9) Poison Magic
 + Level 4.1(3.9) Invocations
 + Level 4.1(3.9) Evocations


You had 16 spell levels left.
You didn't know any spells.

Dungeon Overview and Level Annotations

Branches:
Dungeon (8/15)             Temple (1/1) D:7
   Lair: D:8-11

Altars:
Cheibriados
Gozag
Hepliaklqana
Makhleb
Qazlal
Ru
Sif Muna
Wu Jian
The Shining One

Annotations:
D:6 1 transporter


Innate Abilities, Weirdness & Mutations

Your experience applies equally to all skills.
You have very sharp teeth.
Your uncanny sense of smell can sniff out nearby items.
Scrolls take you a little longer to read.
You are resistant to electric shocks. (rElec)


Message History

You closely miss the orc warrior. You slash the orc! You freeze the orc.
You kill the orc!
The two-headed ogre hits you but does no damage. x2
Unknown command.
Unknown command.
Unknown command.
You slash the two-headed ogre! You freeze the two-headed ogre.
The two-headed ogre is heavily wounded.
You hit the orc warrior but do no damage.
The orc warrior hits you with a glaive of protection.
* * * LOW HITPOINT WARNING * * *
Unknown command.
Unknown command.
Unknown command.
Unknown command.
You slash the two-headed ogre! You freeze the two-headed ogre.
The two-headed ogre is severely wounded.
You hit the orc warrior. You freeze the orc warrior.
The two-headed ogre hits you with a giant club!
You die...

#.. ### ###.. .
.. ...##.. #.
.......
.####.###...#
............#
####.#.#...#
######)#.#...#..
......o@........
#####..#O#..##.>.
#........[...
#..o..........
#........##..∆
#.?......# .
.......#.#
##......###


You could see a two-headed ogre, an orc warrior and an orc wizard.

Vanquished Creatures
  A hippogriff (D:6)
  2 ogres
  A sky beast (D:6)
  A black bear (D:7)
  3 ice beasts
  A necrophage (D:5)
  Blork the orc (D:5)
  6 bullfrogs
  A scorpion (D:2)
  5 wights (D:7)
  3 howler monkeys
  3 crimson imps
  2 bullfrog skeletons (D:5)
  3 hounds (D:4)
  4 orc priests
  An orc wizard (D:7)
  2 iguanas
  3 worker ants
  A hound zombie (D:7)
  A hound skeleton (D:7)
  4 adders
  A shadow imp (D:8)
  An adder skeleton (D:4)
  An adder zombie (D:7)
  A worm (D:2)
  A dart slug (D:1)
  2 leopard geckos
  10 orcs
  3 ball pythons
  4 giant cockroaches
  5 goblins
  4 hobgoblins
  8 jackals
  7 kobolds
  5 quokkas
  5 bats
  3 frilled lizards
  A jackal zombie (D:6)
  2 rats (D:1)
113 creatures vanquished.

Notes
Turn   | Place    | Note
-------+----------+-------------------------------------------
     0 | D:1      | 4thArraOfDagon the Gnoll Wanderer began the quest for the Orb.
     0 | D:1      | 4thArraOfDagon set off with: a +2 dagger, a potion of heal wounds, a +0 ring mail, a potion of curing, a bread ration
     0 | D:1      | Reached XP level 1. HP: 23/23 MP: 1/1
    59 | D:2      | Noticed a scorpion
    62 | D:2      | Killed a scorpion
    62 | D:2      | Reached skill level 1 in Short Blades
    62 | D:2      | Reached skill level 1 in Long Blades
    62 | D:2      | Reached skill level 1 in Axes
    62 | D:2      | Reached skill level 1 in Maces & Flails
    62 | D:2      | Reached skill level 1 in Staves
    62 | D:2      | Reached skill level 1 in Slings
    62 | D:2      | Reached skill level 1 in Crossbows
    62 | D:2      | Reached skill level 1 in Throwing
    62 | D:2      | Reached skill level 1 in Dodging
    62 | D:2      | Reached skill level 1 in Unarmed Combat
    62 | D:2      | Reached skill level 1 in Spellcasting
    62 | D:2      | Reached skill level 1 in Conjurations
    62 | D:2      | Reached skill level 1 in Hexes
    62 | D:2      | Reached skill level 1 in Charms
    62 | D:2      | Reached skill level 1 in Summonings
    62 | D:2      | Reached skill level 1 in Necromancy
    62 | D:2      | Reached skill level 1 in Translocations
    62 | D:2      | Reached skill level 1 in Transmutations
    62 | D:2      | Reached skill level 1 in Fire Magic
    62 | D:2      | Reached skill level 1 in Ice Magic
    62 | D:2      | Reached skill level 1 in Air Magic
    62 | D:2      | Reached skill level 1 in Earth Magic
    62 | D:2      | Reached skill level 1 in Poison Magic
    62 | D:2      | Reached skill level 1 in Invocations
    62 | D:2      | Reached skill level 1 in Evocations
    62 | D:2      | Reached XP level 2. HP: 29/29 MP: 1/3
    62 | D:2      | Reached XP level 3. HP: 35/35 MP: 1/4
   104 | D:2      | You fall through a shaft for 2 floors!
   109 | D:4      | Reached XP level 4. HP: 41/41 MP: 5/5
   143 | D:5      | Entered Level 5 of the Dungeon
   196 | D:5      | Noticed Blork the orc
   214 | D:5      | Killed Blork the orc
   214 | D:5      | Reached XP level 5. HP: 17/47 MP: 6/6
   427 | D:5      | Noticed a necrophage
   450 | D:5      | Killed a necrophage
   733 | D:4      | Reached XP level 6. HP: 48/50 MP: 8/8
   960 | D:4      | Reached skill level 5 in Armour
  1028 | D:4      | Reached XP level 7. HP: 47/56 MP: 10/10
  1141 | D:5      | Reached skill level 7 in Fighting
  1265 | D:6      | Reached skill level 5 in Stealth
  1280 | D:6      | Noticed a hippogriff
  1309 | D:6      | Killed a hippogriff
  1309 | D:6      | Reached XP level 8. HP: 41/64 MP: 10/12
  1328 | D:6      | Found a transporter.
  1409 | D:7      | Found a staircase to the Ecumenical Temple.
  1417 | Temple   | Entered the Ecumenical Temple
  1433 | Temple   | Became a worshipper of Cheibriados the Contemplative
  1739 | D:1      | Reached * piety under Cheibriados
  2071 | D:3      | Found a faded altar of an unknown god.
  2704 | D:6      | Found a transporter.
  2922 | D:7      | Reached ** piety under Cheibriados
  2930 | D:7      | Gained mutation: Scrolls take you a little longer to read. [potion of mutation]
  2930 | D:7      | Gained mutation: You are resistant to electric shocks. (rElec) [potion of mutation]
  3034 | D:7      | Reached XP level 9. HP: 56/72 MP: 14/14
  3335 | D:7      | Reached skill level 5 in Polearms
  3335 | D:7      | Reached skill level 5 in Bows
  3335 | D:7      | Reached skill level 5 in Shields
  3499 | D:8      | Noticed a two-headed ogre
  3509 | D:8      | Slain by a two-headed ogre

Vault maps used:
D:1:      minmay_arrival_stone_box
D:3:      chequers_ecumenical_altar_simple_redux, uniq_natasha
D:4:      st_stairs_10, grunt_ministairs_12, uniq_robin
D:5:      first_bread, kennysheep_another_room, kennysheep_potato,
          uniq_blork_the_orc
D:6:      gammafunk_cloud_chamber, uniq_edmund
D:7:      minmay_temple_entry_statues
D:8:      zin_statuary, grunt_lair_entry_orc_guard_hut, blue_anna_alchemist
Temple:   nicolae_temple_the_god_donut

Skill      XL: |  1  2  3  4  5  6  7  8  9 |
---------------+----------------------------+-----
Short Blades   | 1 2 3 4 |  4.1
Long Blades    | 1 2 3 4 |  4.1
Axes           | 1 2 3 4 |  4.1
Maces & Flails | 1 2 3 4 |  4.1
Staves         | 1 2 3 4 |  4.1
Slings         | 1 2 3 4 |  4.1
Crossbows      | 1 2 3 4 |  4.1
Throwing       | 1 2 3 4 |  4.1
Dodging        | 1 2 3 4 |  4.1
Unarmed Combat | 1 2 3 4 |  4.1
Spellcasting   | 1 2 3 4 |  4.1
Conjurations   | 1 2 3 4 |  4.1
Hexes          | 1 2 3 4 |  4.1
Charms         | 1 2 3 4 |  4.1
Summonings     | 1 2 3 4 |  4.1
Necromancy     | 1 2 3 4 |  4.1
Translocations | 1 2 3 4 |  4.1
Transmutations | 1 2 3 4 |  4.1
Fire Magic     | 1 2 3 4 |  4.1
Ice Magic      | 1 2 3 4 |  4.1
Air Magic      | 1 2 3 4 |  4.1
Earth Magic    | 1 2 3 4 |  4.1
Poison Magic   | 1 2 3 4 |  4.1
Invocations    | 1 2 3 4 |  4.1
Evocations     | 1 2 3 4 |  4.1
Polearms       | 3 4 5 |  5.0
Bows           | 3 4 5 |  5.0
Shields        | 3 4 5 |  5.0
Armour         | 5 6 |  6.2
Fighting       | 7 |  7.8
Stealth        | 5 6 |  6.0

Action                   |  1- 3 |  4- 6 |  7- 9 || total
-------------------------+-------+-------+-------++-------
Melee: Dagger            |    11 |    97 |   261 ||   369
       Bite              |     3 |    13 |    65 ||    81
       Punch             |       |     3 |     7 ||    10
       War axe           |       |       |    76 ||    76
Invok: Bend Time         |       |       |     1 ||     1
Evoke: Wand              |       |       |     1 ||     1
  Use: Scroll            |       |     6 |     4 ||    10
       Potion            |       |     1 |     4 ||     5
 Stab: Sleeping          |     2 |       |     6 ||     8
  Eat: Chunk             |       |       |     4 ||     4
       Royal jelly       |       |       |     1 ||     1
Armor: Ring mail         |     3 |    32 |   114 ||   149
Dodge: Dodged            |     5 |    43 |   234 ||   282

Table legend:
 A = Spawn XP
 B = Non-spawn XP
 C = Spawn XP percentage of total XP
 D = Spawn monster count
 E = Non-spawn monster count
 F = Spawn count percentage of total count
 G = Total turns spent on level
                    A         B        C        D         E        F      G
               +---------+---------+-------+---------+---------+-------+---------
         Total |       0 |    3365 |   0.0 |       0 |     113 |   0.0 |  3509
               +---------+---------+-------+---------+---------+-------+---------
           D:1 |       0 |      23 |   0.0 |       0 |      15 |   0.0 |   208
           D:2 |       0 |      90 |   0.0 |       0 |       9 |   0.0 |   349
           D:3 |       0 |      61 |   0.0 |       0 |       6 |   0.0 |    97
           D:4 |       0 |     412 |   0.0 |       0 |      25 |   0.0 |   615
           D:5 |       0 |     543 |   0.0 |       0 |      12 |   0.0 |  1070
           D:6 |       0 |    1157 |   0.0 |       0 |      21 |   0.0 |   485
           D:7 |       0 |    1064 |   0.0 |       0 |      23 |   0.0 |   572
           D:8 |       0 |      15 |   0.0 |       0 |       2 |   0.0 |    82
               +---------+---------+-------+---------+---------+-------+---------
